[Event "Titled Tuesday Blitz November 30 2021"]
[White "Abdrlauf, Elham"]
[Black "Rozhkov, Viacheslav"]
[WhiteFideId "1533533"]
[BlackFideId "4181484"]
[WhiteElo "2362"]
[BlackElo "2324"]
[Result "1-0"]
[Round "01"]
[TimeControl "180+1"]
[Date "2021.11.30"]
[WhiteClock "0:01:20"]
[BlackClock "0:00:20"]

1. e4 c5 2. Ne2 d6 3. d4 cxd4 4. Nxd4 Nf6 5. Nc3 Nc6 6. Bc4 Bd7 7. Bb3 Rc8 8. f3 g6 9. Be3 Bg7 10. Qd2 h5 11. O-O-O Ne5 12. h3 h4 13. Bg5 Nc4 14. Qe2 b5 15. Ndxb5 Bxb5 16. Nxb5 Nxb2 17. Kxb2 Nxe4+ 18. Kc1 Ng3 19. Nxd6+ Qxd6 20. Qb5+ Qc6 21. Qxc6+ Rxc6 22. Ba4 O-O 23. Bxc6 Nxh1 24. Rxh1 Rc8 25. Be4 1-0


[Site "https://www.chess.com"]

[Event "Titled Tuesday Blitz November 30 2021"]
[White "Alinasab, Mobina"]
[Black "Le, Tuan Minh"]
[WhiteFideId "12528897"]
[BlackFideId "12401153"]
[WhiteElo "2061"]
[BlackElo "2450"]
[Result "1-0"]
[Round "01"]
[TimeControl "180+1"]
[Date "2021.11.30"]
[WhiteClock "0:00:23"]
[BlackClock "0:00:25"]

1. e4 c5 2. Nf3 Nf6 3. e5 Nd5 4. Nc3 e6 5. Ne4 f5 6. Nc3 Ne7 7. d4 cxd4 8. Nxd4 a6 9. f4 Nbc6 10. Be3 Nxd4 11. Qxd4 Nc6 12. Qb6 Qxb6 13. Bxb6 d6 14. exd6 Bxd6 15. g3 Bd7 16. O-O-O Be7 17. Bc4 Bd8 18. Bxd8 Nxd8 19. Rd6 Rc8 20. Bb3 Ke7 21. Rhd1 Rc7 22. a4 Nf7 23. R6d4 Rd8 24. Re1 Kf6 25. Rxd7 Rc6 26. Rxd8 Nxd8 27. Ne2 e5 28. fxe5+ Kxe5 29. Nf4+ Kf6 30. Re8 Rd6 31. Nd5+ Kg5 32. Re7 g6 33. Rxh7 b5 34. axb5 axb5 35. c3 Nc6 36. Nf4 Ne5 37. Bd1 Nc4 38. Be2 Ne3 39. Bf3 Nc4 40. Nd5 Ne5 41. h4# 1-0


[Site "https://www.chess.com"]

[Event "Titled Tuesday Blitz November 30 2021"]
[White "Andreikin, Dmitry"]
[Black "Fiedorek, Michal"]
[WhiteFideId "4158814"]
[BlackFideId "1199528"]
[WhiteElo "2736"]
[BlackElo "1833"]
[Result "1-0"]
[Round "01"]
[TimeControl "180+1"]
[Date "2021.11.30"]
[WhiteClock "0:01:36"]
[BlackClock "0:00:01"]

1. e4 c5 2. Nf3 d6 3. d4 cxd4 4. Nxd4 Nf6 5. Nc3 Nc6 6. h3 g6 7. Be3 Bg7 8. Bc4 O-O 9. Bb3 a6 10. O-O Nxd4 11. Bxd4 Be6 12. Bxe6 fxe6 13. e5 Ne8 14. exd6 exd6 15. Re1 Qd7 16. Qd3 Nc7 17. Rad1 Rad8 18. h4 Rf4 19. Bxg7 Kxg7 20. g3 Rf5 21. Ne4 Qc6 22. c4 d5 23. Qc3+ Kf7 24. cxd5 Rdxd5 25. Qxc6 bxc6 26. Rc1 c5 27. Re3 Nb5 28. Ng5+ Kg8 29. Nxe6 Nd4 30. Nf4 1-0


[Site "https://www.chess.com"]

[Event "Titled Tuesday Blitz November 30 2021"]
[White "Babazada, Khazar"]
[Black "Bethke, Richard"]
[WhiteFideId "13413554"]
[BlackFideId "12959243"]
[WhiteElo "2302"]
[BlackElo "2453"]
[Result "1-0"]
[Round "01"]
[TimeControl "180+1"]
[Date "2021.11.30"]
[WhiteClock "0:00:05"]
[BlackClock "0:00:01"]

1. e4 c5 2. Nf3 d6 3. d4 cxd4 4. Nxd4 Nf6 5. Nc3 a6 6. h3 e5 7. Nde2 h5 8. Bg5 Be6 9. Bxf6 Qxf6 10. Nd5 Qd8 11. Qd3 g6 12. O-O-O Nc6 13. Kb1 Rc8 14. f4 Qa5 15. a3 Bg7 16. g3 O-O 17. Bg2 f5 18. Rhf1 b5 19. Qb3 Kh8 20. g4 fxg4 21. hxg4 Bxg4 22. Bf3 Bxf3 23. Qxf3 b4 24. f5 bxa3 25. b3 Nb4 26. Nec3 a2+ 27. Kb2 Rxf5 28. Qh3 Rxf1 29. Rxf1 Rf8 30. Ra1 Rf2 31. Nxb4 Qxb4 32. Qg3 Rf6 33. Rxa2 Qd4 34. Ra4 Qc5 35. Nd5 Re6 36. Rc4 Qa5 37. Rc8+ Kh7 38. Qh3 Qb5 39. Qxe6 Qb4 40. Qg8+ Kh6 41. Nxb4 1-0


[Site "https://www.chess.com"]

[Event "Titled Tuesday Blitz November 30 2021"]
[White "Demchenko, Anton"]
[Black "Kuegel, Tobias"]
[WhiteFideId "4160258"]
[BlackFideId "4636295"]
[WhiteElo "2583"]
[BlackElo "2213"]
[Result "1-0"]
[Round "01"]
[TimeControl "180+1"]
[Date "2021.11.30"]
[WhiteClock "0:01:39"]
[BlackClock "0:00:05"]

1. e4 e5 2. Nf3 Nc6 3. Bc4 Bc5 4. d3 Nf6 5. Bg5 h6 6. Bh4 O-O 7. c3 Be7 8. Nbd2 Nh5 9. Bg3 Nxg3 10. fxg3 d6 11. a4 Be6 12. Bxe6 fxe6 13. O-O d5 14. h3 a5 15. Qb3 Qd7 16. Kh2 Rf7 17. Rae1 Bf6 18. Rf2 Re8 19. Rfe2 b6 20. Qb5 Rfe7 21. Kh1 Nb8 22. h4 Qxb5 23. axb5 h5 24. d4 Nd7 25. Kh2 g6 26. Kh3 Kg7 27. g4 hxg4+ 28. Kxg4 dxe4 29. Nxe4 exd4 30. cxd4 e5 31. d5 Kf7 32. d6 1-0


[Site "https://www.chess.com"]

[Event "Titled Tuesday Blitz November 30 2021"]
[White "Erzhanov, Arman"]
[Black "Bluebaum, Matthias"]
[WhiteFideId "4138821"]
[BlackFideId "24651516"]
[WhiteElo "2175"]
[BlackElo "2681"]
[Result "1-0"]
[Round "01"]
[TimeControl "180+1"]
[Date "2021.11.30"]
[WhiteClock "0:00:30"]
[BlackClock "0:00:12"]

1. e4 e6 2. d4 d5 3. Nd2 c5 4. exd5 Qxd5 5. Ngf3 cxd4 6. Bc4 Qd6 7. Qe2 Nf6 8. Nb3 Nc6 9. Bg5 Be7 10. O-O-O e5 11. Rhe1 Bg4 12. Bb5 O-O 13. Bxc6 Qxc6 14. Nxe5 Qd5 15. f3 Bf5 16. Rxd4 Qe6 17. g4 Rac8 18. gxf5 Qxf5 19. h4 Rfe8 20. Qd3 Qh3 21. f4 h6 22. Qxh3 hxg5 23. hxg5 Nh7 24. Rh1 Bxg5 25. Qxh7+ Kf8 26. Nd7+ Ke7 27. fxg5 Rh8 28. Re1+ Kd8 29. Qxh8+ Kc7 30. Rc4+ Kd6 31. Qxc8 Kd5 32. Qc5# 1-0


[Site "https://www.chess.com"]

[Event "Titled Tuesday Blitz November 30 2021"]
[White "Florescu, Codrut-Constantin"]
[Black "Terry, Renato"]
[WhiteFideId "1202200"]
[BlackFideId "3803457"]
[WhiteElo "2243"]
[BlackElo "2577"]
[Result "0-1"]
[Round "01"]
[TimeControl "180+1"]
[Date "2021.11.30"]
[WhiteClock "0:00:39"]
[BlackClock "0:00:41"]

1. d4 e6 2. c4 Bb4+ 3. Nd2 Nf6 4. a3 Be7 5. e4 d6 6. Ngf3 Nbd7 7. Bd3 e5 8. d5 a5 9. b3 Nc5 10. Bc2 O-O 11. O-O g6 12. Re1 Nh5 13. g3 Bg4 14. Bb2 Bg5 15. b4 axb4 16. axb4 Na6 17. Bc3 f5 18. exf5 gxf5 19. h3 Bxh3 20. Nxe5 Nxg3 21. fxg3 dxe5 22. Nf3 e4 23. Nxg5 Qxg5 24. Kh2 Bg4 25. Qd4 Qh6+ 26. Kg1 Bf3 27. Kf2 Qh2+ 28. Ke3 Qh6+ 29. Kf2 f4 30. Rh1 fxg3+ 31. Kxg3 Qg5+ 32. Kf2 Qg2+ 0-1


[Site "https://www.chess.com"]

[Event "Titled Tuesday Blitz November 30 2021"]
[White "Galchenko, Matvey"]
[Black "Arakhamia-Grant, Ketevan"]
[WhiteFideId "24175480"]
[BlackFideId "13600168"]
[WhiteElo "2453"]
[BlackElo "2177"]
[Result "1-0"]
[Round "01"]
[TimeControl "180+1"]
[Date "2021.11.30"]
[WhiteClock "0:02:12"]
[BlackClock "0:01:07"]

1. c4 Nf6 2. g3 g6 3. Bg2 Bg7 4. Nc3 O-O 5. e3 d6 6. Nge2 c5 7. O-O Nc6 8. d3 Rb8 9. Rb1 Bd7 10. a3 a6 11. b4 cxb4 12. axb4 b5 13. c5 dxc5 14. bxc5 Qc7 15. d4 Rfd8 16. Nf4 b4 17. Ncd5 Nxd5 18. Nxd5 Qa5 19. Bd2 e6 20. Nb6 Be8 21. Qe2 Rxb6 22. cxb6 Qxb6 23. Rfc1 a5 24. Qc4 Na7 25. Qc5 Qxc5 26. Rxc5 Nb5 27. Ra1 e5 28. Rxa5 exd4 29. Rcxb5 dxe3 30. Bxe3 Bxb5 31. Rxb5 Rd1+ 32. Bf1 Bc3 33. Kg2 1-0


[Site "https://www.chess.com"]

[Event "Titled Tuesday Blitz November 30 2021"]
[White "Glavina, Pablo"]
[Black "Rasulov, Vugar"]
[WhiteFideId "100234"]
[BlackFideId "13402390"]
[WhiteElo "2369"]
[BlackElo "2560"]
[Result "0-1"]
[Round "01"]
[TimeControl "180+1"]
[Date "2021.11.30"]
[WhiteClock "0:01:40"]
[BlackClock "0:02:06"]

1. e3 Nf6 2. b3 g6 3. Bb2 Bg7 4. f4 O-O 5. Nf3 b6 6. g3 Bb7 7. Bg2 c5 8. O-O d6 9. c4 Nbd7 10. Nc3 a6 11. d3 e6 12. Qd2 Qc7 13. Rad1 Rad8 14. Qc1 Rfe8 15. Rf2 d5 16. h3 e5 17. fxe5 Nxe5 18. Nxe5 Rxe5 19. Nxd5 Nxd5 20. Bxe5 Qxe5 21. Bxd5 Bxd5 22. cxd5 Qxg3+ 23. Rg2 Qxh3 24. d4 cxd4 25. e4 Bh6 26. Qc2 Be3+ 27. Rf2 Bxf2+ 0-1


[Site "https://www.chess.com"]

[Event "Titled Tuesday Blitz November 30 2021"]
[White "Gokerkan, Cem Kaan"]
[Black "Petukhov, Dmitry"]
[WhiteFideId "6336760"]
[BlackFideId "4142748"]
[WhiteElo "2382"]
[BlackElo "2356"]
[Result "1-0"]
[Round "01"]
[TimeControl "180+1"]
[Date "2021.11.30"]
[WhiteClock "0:00:21"]
[BlackClock "0:00:19"]

1. Nf3 Nf6 2. g3 g6 3. Bg2 Bg7 4. O-O O-O 5. b3 d5 6. Bb2 c5 7. c4 d4 8. e3 Nc6 9. exd4 cxd4 10. Re1 Re8 11. a3 a5 12. b4 axb4 13. axb4 Rxa1 14. Bxa1 Nxb4 15. Bxd4 Bg4 16. Bc3 Nd3 17. Re3 e5 18. h3 Bxf3 19. Qxf3 e4 20. Bxf6 Qb6 21. Rxe4 Qxb1+ 22. Bf1 Rxe4 23. Qxe4 Bxf6 24. Qxd3 Qxd3 25. Bxd3 Bd4 26. Be4 b6 27. Kf1 f5 28. Bd5+ Kg7 29. Ke2 Kf6 30. f4 h6 31. h4 g5 32. fxg5+ hxg5 33. h5 g4 34. h6 Kg6 35. Be6 Be5 36. h7 Kxh7 37. Bxf5+ Kg7 38. Kf2 Kf6 39. Bxg4 Kg5 40. Bd7 Bd4+ 41. Kf3 Bc5 42. Ke4 Bd6 43. g4 Kf6 44. Kd5 Bg3 45. Bf5 Bf2 46. d4 Ke7 47. c5 bxc5 48. dxc5 Be3 49. Kc6 Kd8 50. Kd6 Bf4+ 51. Ke6 Kc7 52. Be4 Be3 53. c6 Bf4 54. Kf6 Kd6 55. g5 Be5+ 56. Kf7 1-0


[Site "https://www.chess.com"]

[Event "Titled Tuesday Blitz November 30 2021"]
[White "Gunduz, Umut Erdem"]
[Black "Pranav, V"]
[WhiteFideId "6381383"]
[BlackFideId "25060783"]
[WhiteElo "2096"]
[BlackElo "2351"]
[Result "0-1"]
[Round "01"]
[TimeControl "180+1"]
[Date "2021.11.30"]
[WhiteClock "0:00:07"]
[BlackClock "0:00:43"]

1. e4 e5 2. Nf3 Nc6 3. Bb5 a6 4. Ba4 d6 5. O-O Bd7 6. d4 exd4 7. Nxd4 b5 8. Nxc6 Bxc6 9. Bb3 Nf6 10. Nc3 Be7 11. Re1 O-O 12. Bf4 Nd7 13. Nd5 Bf6 14. c3 Re8 15. Qg4 Nf8 16. Rad1 Ng6 17. Bg3 a5 18. h4 a4 19. Bc2 Bxd5 20. exd5 Rxe1+ 21. Rxe1 Nxh4 22. Bxh4 Bxh4 23. Re3 g6 24. Bd3 Bg5 25. Re2 Rb8 26. f4 Bf6 27. g3 Kg7 28. Kg2 b4 29. c4 b3 30. a3 Bd4 31. f5 Qf6 32. fxg6 hxg6 33. Bxg6 fxg6 34. Qd7+ Kg8 35. Re7 Qf2+ 36. Kh3 Qf5+ 0-1


[Site "https://www.chess.com"]

[Event "Titled Tuesday Blitz November 30 2021"]
[White "Ingebretsen, Jens E"]
[Black "Tang, Andrew"]
[WhiteFideId "1522965"]
[BlackFideId "2059630"]
[WhiteElo "2072"]
[BlackElo "2588"]
[Result "0-1"]
[Round "01"]
[TimeControl "180+1"]
[Date "2021.11.30"]
[WhiteClock "0:00:55"]
[BlackClock "0:01:47"]

1. d4 d5 2. Bf4 Nf6 3. c4 e6 4. Nc3 Be7 5. Nf3 O-O 6. e3 b6 7. cxd5 Nxd5 8. Nxd5 exd5 9. Bd3 c5 10. O-O Nc6 11. a3 c4 12. Bc2 b5 13. e4 Be6 14. Qe2 Re8 15. Rad1 a5 16. Bb1 b4 17. Qc2 g6 18. Rfe1 bxa3 19. b3 Nb4 20. Qc3 a2 21. Bc2 Rc8 22. Qb2 c3 23. Qc1 dxe4 24. Bxe4 Bxb3 0-1


[Site "https://www.chess.com"]

[Event "Titled Tuesday Blitz November 30 2021"]
[White "Jary, Sergey"]
[Black "Ostrovskiy, Aleksandr"]
[WhiteFideId "14110350"]
[BlackFideId "2034239"]
[WhiteElo "2260"]
[BlackElo "2340"]
[Result "1/2-1/2"]
[Round "01"]
[TimeControl "180+1"]
[Date "2021.11.30"]
[WhiteClock "0:01:36"]
[BlackClock "0:00:41"]

1. e4 d5 2. exd5 Nf6 3. Nf3 Bg4 4. Be2 Qxd5 5. d4 Nc6 6. O-O O-O-O 7. Be3 Qf5 8. c4 e5 9. d5 e4 10. Nd4 Nxd4 11. Bxd4 h5 12. Nc3 Bd6 13. Nb5 a6 14. Nxd6+ Rxd6 15. Re1 Rhd8 16. Rc1 Kb8 17. b4 Nxd5 18. cxd5 Rxd5 19. Qc2 Rxd4 20. Qxc7+ Ka8 21. Bxa6 bxa6 22. Qc6+ Ka7 23. Qc7+ Ka8 24. Qc6+ Ka7 25. Qc7+ Ka8 1/2-1/2


[Site "https://www.chess.com"]

[Event "Titled Tuesday Blitz November 30 2021"]
[White "Kamsky, Gata"]
[Black "Korkmaz, Necmettin"]
[WhiteFideId "2000024"]
[BlackFideId "6303285"]
[WhiteElo "2645"]
[BlackElo "2094"]
[Result "1/2-1/2"]
[Round "01"]
[TimeControl "180+1"]
[Date "2021.11.30"]
[WhiteClock "0:00:25"]
[BlackClock "0:00:18"]

1. e4 c5 2. Nc3 e6 3. Nf3 Nc6 4. Bb5 Nd4 5. O-O a6 6. Bd3 d6 7. Nxd4 cxd4 8. Ne2 e5 9. c3 dxc3 10. dxc3 Nf6 11. c4 Be7 12. Nc3 O-O 13. f3 Be6 14. b3 Rc8 15. Bd2 b5 16. cxb5 axb5 17. Nxb5 d5 18. exd5 Nxd5 19. Kh1 Nb4 20. Bxb4 Bxb4 21. Qe2 f6 22. Rfd1 Qe7 23. Qe4 g6 24. Bc4 Bxc4 25. bxc4 Rfd8 26. g3 f5 27. Qe2 e4 28. a3 Bc5 29. Nc3 Bd4 30. Nd5 Rxd5 31. cxd5 Bxa1 32. Rxa1 Qe5 33. Rd1 Rd8 34. fxe4 fxe4 35. Re1 Rxd5 36. Qxe4 Qxe4+ 37. Rxe4 Rd1+ 38. Kg2 Rd2+ 39. Kh3 Ra2 40. a4 Kg7 41. g4 g5 42. Kg3 Ra3+ 43. Kf2 Ra2+ 44. Ke3 Rxh2 45. Kd4 Ra2 46. Kc5 h5 47. gxh5 Kh6 48. Kb5 Kxh5 49. a5 g4 50. Re8 g3 51. Rg8 Kh4 52. a6 Kh3 53. Kb6 g2 54. a7 Rxa7 55. Kxa7 Kh2 56. Rxg2+ Kxg2 1/2-1/2


[Site "https://www.chess.com"]

[Event "Titled Tuesday Blitz November 30 2021"]
[White "Kollars, Dmitrij"]
[Black "Obrien, Matthew"]
[WhiteFideId "12909572"]
[BlackFideId "2059150"]
[WhiteElo "2584"]
[BlackElo "2486"]
[Result "1-0"]
[Round "01"]
[TimeControl "180+1"]
[Date "2021.11.30"]
[WhiteClock "0:00:12"]
[BlackClock "0:00:06"]

1. d4 Nf6 2. Nf3 g6 3. Nc3 Bg7 4. e4 d6 5. h3 c6 6. Be3 O-O 7. a4 a5 8. Be2 Na6 9. O-O Nb4 10. Qd2 Nd7 11. Bh6 e5 12. Bxg7 Kxg7 13. Rad1 Qe7 14. Rfe1 Nf6 15. Bf1 Re8 16. Qc1 Bd7 17. Nb1 Rad8 18. c3 Na6 19. Bxa6 bxa6 20. Nbd2 c5 21. dxe5 dxe5 22. Qc2 Bc6 23. Re3 Rd7 24. Rde1 Qd8 25. Nc4 Qc7 26. Nfd2 Nh5 27. g3 Nf6 28. Rd3 Red8 29. Rxd7 Rxd7 30. f3 Ne8 31. Qb3 f6 32. Kf2 Nd6 33. Qb6 Nxc4 34. Nxc4 Rd2+ 35. Re2 Qxb6 36. Nxb6 Rd3 37. Rc2 c4 38. Ke2 f5 39. Nxc4 fxe4 40. Nxe5 Rd6 41. Nxc6 Rxc6 42. fxe4 Kf6 43. Ke3 Ke5 44. Rd2 Rc5 45. Rd5+ Rxd5 46. exd5 Kxd5 47. b3 Kc5 48. Ke4 h5 49. h4 1-0


[Site "https://www.chess.com"]

[Event "Titled Tuesday Blitz November 30 2021"]
[White "Krallis, Christos"]
[Black "Deac, Bogdan-Daniel"]
[WhiteFideId "4298896"]
[BlackFideId "1226380"]
[WhiteElo "2227"]
[BlackElo "2605"]
[Result "0-1"]
[Round "01"]
[TimeControl "180+1"]
[Date "2021.11.30"]
[WhiteClock "0:00:08"]
[BlackClock "0:00:12"]

1. d4 Nf6 2. Nf3 d5 3. c4 e6 4. Nc3 dxc4 5. e3 a6 6. a4 c5 7. Bxc4 Nc6 8. O-O Be7 9. Qe2 O-O 10. Rd1 Qc7 11. dxc5 Bxc5 12. Bd2 b6 13. Rac1 Bb7 14. Be1 Ne5 15. Nxe5 Qxe5 16. h3 Rfc8 17. Bd3 h6 18. Bb1 a5 19. Nb5 Qg5 20. e4 Bxf2+ 21. Bxf2 Rxc1 22. Nc3 Rd8 23. Rxc1 Qxc1+ 24. Kh2 Rd2 25. Qe3 Qxb2 26. Nd1 Qb4 27. Nc3 Rxf2 28. Qxf2 Qxc3 29. Qe2 Qe5+ 30. Kg1 Bxe4 31. Qe3 Qc5 0-1


[Site "https://www.chess.com"]

[Event "Titled Tuesday Blitz November 30 2021"]
[White "Lazavik, Denis"]
[Black "Reprintsev, Alexander"]
[WhiteFideId "13515110"]
[BlackFideId "14100541"]
[WhiteElo "2436"]
[BlackElo "2126"]
[Result "1-0"]
[Round "01"]
[TimeControl "180+1"]
[Date "2021.11.30"]
[WhiteClock "0:00:21"]
[BlackClock "0:00:05"]

1. d4 d5 2. c4 e5 3. dxe5 d4 4. Nf3 Nc6 5. a3 g6 6. b4 Bg7 7. Bb2 Nh6 8. Nbd2 O-O 9. Nb3 Nxe5 10. Nxe5 Bxe5 11. Bxd4 Qf6 12. Bxe5 Qxe5 13. e3 Bg4 14. Qd4 Qe7 15. Qf4 Kg7 16. Bd3 Rfd8 17. Nd4 c5 18. bxc5 Qxc5 19. O-O Qd6 20. Qg5 Qf6 21. Qxf6+ Kxf6 22. Be4 Rac8 23. Bxb7 Rxc4 24. Rfc1 Ra4 25. h3 Be6 26. g4 Bd5 27. Bxd5 Rxd5 28. Rc6+ Kg7 29. Rc7 Ra6 30. Kg2 Ng8 31. Rb1 h5 32. Rbb7 Rf6 33. Rxa7 hxg4 34. hxg4 g5 35. Nf5+ Kg6 36. Ra8 Kh7 37. Rcc8 1-0


[Site "https://www.chess.com"]

[Event "Titled Tuesday Blitz November 30 2021"]
[White "Makarian, Rudik"]
[Black "Mitusov, Semen"]
[WhiteFideId "44105681"]
[BlackFideId "14151049"]
[WhiteElo "2486"]
[BlackElo "2246"]
[Result "1-0"]
[Round "01"]
[TimeControl "180+1"]
[Date "2021.11.30"]
[WhiteClock "0:00:11"]
[BlackClock "0:00:10"]

1. d4 d5 2. c4 dxc4 3. Nf3 Nf6 4. e3 Bg4 5. Bxc4 e6 6. h3 Bh5 7. O-O a6 8. Be2 Nc6 9. b3 Bd6 10. Bb2 O-O 11. Nbd2 Qe7 12. Nc4 Rad8 13. Rc1 h6 14. Ne1 Bxe2 15. Qxe2 e5 16. dxe5 Nxe5 17. Nxd6 cxd6 18. Nf3 Rd7 19. Rfd1 Rfd8 20. Nd4 Ne4 21. Qh5 Nf6 22. Qe2 Ne4 23. f4 Nc6 24. Nf5 Qe6 25. Nxg7 Qg6 26. Nh5 d5 27. Qg4 Ne7 28. Nf6+ Nxf6 29. Bxf6 Qxg4 30. hxg4 Kf8 31. Rd3 Rd6 32. Bxe7+ Kxe7 33. Rc7+ R8d7 34. Rxd7+ Kxd7 35. Kf2 Kc6 36. Kf3 Rd7 37. f5 f6 38. Rd1 Kb5 39. Rh1 Rh7 40. Rd1 Rd7 41. Ke2 Kb4 42. Kd3 Ka3 43. Rd2 Re7 44. Kd4 Re4+ 45. Kxd5 Rxe3 46. Kc5 b5 47. Rd6 Kxa2 48. Rxa6+ Kxb3 49. Kxb5 Rg3 50. Rxf6 Rxg4 51. Kc5 h5 52. Kd5 Rxg2 53. Rh6 Rh2 54. f6 Kc3 55. f7 Rf2 56. Ke6 Kd4 57. Rxh5 Re2+ 58. Kf6 Rf2+ 59. Rf5 1-0


[Site "https://www.chess.com"]

[Event "Titled Tuesday Blitz November 30 2021"]
[White "Martin Carmona, Gaston Manuel"]
[Black "Tabatabaei, M. Amin"]
[WhiteFideId "22284567"]
[BlackFideId "12521213"]
[WhiteElo "2161"]
[BlackElo "2555"]
[Result "0-1"]
[Round "01"]
[TimeControl "180+1"]
[Date "2021.11.30"]
[WhiteClock "0:00:32"]
[BlackClock "0:01:52"]

1. e4 c6 2. d4 d5 3. exd5 cxd5 4. Bd3 Nf6 5. c3 Nc6 6. Nf3 g6 7. Bf4 Bf5 8. O-O Bxd3 9. Qxd3 e6 10. Nbd2 Bd6 11. Bh6 Ng4 12. Bg7 Rg8 13. Be5 Ngxe5 14. Nxe5 Nxe5 15. dxe5 Bxe5 16. Rfe1 Bf6 17. Rad1 Kf8 18. c4 Kg7 19. Qb3 Qb6 20. cxd5 exd5 21. Qxd5 Rad8 22. Qb3 Qxb3 23. Nxb3 Bxb2 24. g3 Bf6 25. Nc5 b6 26. Ne4 Rxd1 27. Rxd1 Rd8 28. Rc1 Rd7 29. Rc8 Bd4 30. Kg2 b5 31. Rb8 Bb6 32. g4 h6 33. h4 Rd4 34. f3 Ra4 35. Nc3 Ra3 36. Nxb5 Rxa2+ 37. Kg3 Rb2 0-1


[Site "https://www.chess.com"]

[Event "Titled Tuesday Blitz November 30 2021"]
[White "Martinez Alcantara, Jose Eduardo"]
[Black "Demin, Vladimir"]
[WhiteFideId "3805662"]
[BlackFideId "4167457"]
[WhiteElo "2690"]
[BlackElo "2500"]
[Result "1-0"]
[Round "01"]
[TimeControl "180+1"]
[Date "2021.11.30"]
[WhiteClock "0:01:00"]
[BlackClock "0:00:20"]

1. e4 Nf6 2. e5 Nd5 3. d4 d6 4. Nf3 dxe5 5. Nxe5 g6 6. Be2 Bg7 7. O-O O-O 8. c4 Nb6 9. Be3 c5 10. Nc3 cxd4 11. Bxd4 Be6 12. b3 Na6 13. Bf3 Qc8 14. Qe2 Rd8 15. Rad1 Nc5 16. Nc6 bxc6 17. Bxg7 Kxg7 18. Qe5+ Kg8 19. Qxc5 Rxd1 20. Rxd1 Bg4 21. Bxg4 Qxg4 22. Qxe7 Rf8 23. h3 Qe6 24. Qxe6 fxe6 25. Rd6 Kf7 26. Rxc6 Rd8 27. Rc7+ Kf6 28. Rxa7 h5 29. c5 Nd7 30. c6 Ne5 31. c7 Rc8 32. Nb5 Ke7 33. Rb7 Kd7 34. Rb6 Nf7 35. a4 e5 36. a5 1-0


[Site "https://www.chess.com"]

[Event "Titled Tuesday Blitz November 30 2021"]
[White "Martins, Igor Carvalho Ribeiro"]
[Black "Ibarra Jerez, Jose Carlos"]
[WhiteFideId "2162962"]
[BlackFideId "2226332"]
[WhiteElo "2461"]
[BlackElo "2626"]
[Result "0-1"]
[Round "01"]
[TimeControl "180+1"]
[Date "2021.11.30"]
[WhiteClock "0:01:45"]
[BlackClock "0:00:37"]

1. Nf3 Nf6 2. c4 g6 3. Nc3 d6 4. d4 Bf5 5. Nh4 Bd7 6. e4 e5 7. d5 Nxe4 8. Nxe4 Qxh4 9. Bd3 h6 10. O-O f5 11. Nc3 Bg7 12. Qb3 b6 13. Nb5 Na6 14. Qa3 Bxb5 15. cxb5 Nc5 16. Bc2 e4 17. Be3 O-O 18. Rab1 Rae8 19. Qxa7 f4 20. Bxc5 f3 21. Be3 Qg4 0-1


[Site "https://www.chess.com"]

[Event "Titled Tuesday Blitz November 30 2021"]
[White "Mezentsev, Ivan"]
[Black "Manafov, Vugar"]
[WhiteFideId "13706195"]
[BlackFideId "13410814"]
[WhiteElo "2295"]
[BlackElo "2277"]
[Result "0-1"]
[Round "01"]
[TimeControl "180+1"]
[Date "2021.11.30"]
[WhiteClock "0:00:01"]
[BlackClock "0:01:08"]

1. d4 Nf6 2. Nf3 e6 3. Bf4 Bd6 4. Bg3 O-O 5. Nbd2 Nc6 6. Bxd6 cxd6 7. e3 b6 8. c3 Bb7 9. Bd3 Qc8 10. Qe2 Re8 11. O-O e5 12. Bf5 Ba6 13. c4 exd4 14. a3 d5 15. Rac1 dxc4 16. Nxc4 dxe3 17. fxe3 Na5 18. Bd3 Nxc4 19. Bxc4 Bxc4 20. Rxc4 Qa6 21. Nd4 Rxe3 22. Qc2 Rae8 23. Nf5 Re1 24. Rxe1 Rxe1+ 25. Kf2 Re8 26. Nd6 Rf8 27. Rf4 b5 28. Qd3 Qb6+ 29. Kf1 Qc5 30. g3 a6 31. Nf5 Re8 32. Nd6 Re6 33. Rd4 h5 34. Kg2 h4 35. Kh3 hxg3 36. hxg3 Qh5+ 37. Rh4 Qc5 38. Rd4 g6 39. b4 Qe5 40. Nc8 Nh7 41. Rxd7 Ng5+ 42. Kg2 Qb2+ 43. Kf1 Rf6+ 44. Ke1 Qc1+ 45. Ke2 Re6+ 0-1


[Site "https://www.chess.com"]

[Event "Titled Tuesday Blitz November 30 2021"]
[White "Paravyan, David"]
[Black "Mouhamad, Joachim"]
[WhiteFideId "4194985"]
[BlackFideId "656410"]
[WhiteElo "2639"]
[BlackElo "2207"]
[Result "0-1"]
[Round "01"]
[TimeControl "180+1"]
[Date "2021.11.30"]
[WhiteClock "0:00:06"]
[BlackClock "0:00:19"]

1. e4 c6 2. d4 d5 3. e5 c5 4. c3 Nc6 5. a3 Bf5 6. Be3 e6 7. Nd2 cxd4 8. cxd4 Qb6 9. b4 h6 10. Ngf3 Bg4 11. Be2 Nge7 12. h3 Bxf3 13. Nxf3 Nf5 14. Bd3 Nxe3 15. fxe3 Be7 16. O-O f5 17. exf6 Bxf6 18. Kh1 O-O-O 19. Nd2 e5 20. Nb3 Rhe8 21. Nc5 exd4 22. Qg4+ Kb8 23. Nd7+ Rxd7 24. Qxd7 Rd8 25. Qe6 dxe3 26. Rae1 d4 27. Rxf6 gxf6 28. Qxf6 Qc7 29. Rc1 Qd6 30. Qg7 Ne5 31. Be4 Nd7 32. Bd3 a6 33. b5 a5 34. Bf5 Nc5 35. b6 d3 36. Qc7+ Qxc7 37. bxc7+ Kxc7 38. Rxc5+ Kb6 39. Re5 e2 40. Bxd3 Rxd3 41. Rxe2 Rxa3 42. Re6+ Kc5 43. Rxh6 b5 44. g4 b4 45. g5 b3 46. Rh8 b2 47. Rb8 Ra1+ 48. Kg2 b1=Q 49. Rxb1 Rxb1 50. h4 a4 51. h5 a3 52. h6 a2 53. h7 a1=Q 0-1


[Site "https://www.chess.com"]

[Event "Titled Tuesday Blitz November 30 2021"]
[White "Pichot, Alan"]
[Black "Lehtosaari, Mauri"]
[WhiteFideId "110973"]
[BlackFideId "501999"]
[WhiteElo "2600"]
[BlackElo "2462"]
[Result "1-0"]
[Round "01"]
[TimeControl "180+1"]
[Date "2021.11.30"]
[WhiteClock "0:00:14"]
[BlackClock "0:00:04"]

1. e4 c5 2. Nf3 e6 3. d4 cxd4 4. Nxd4 Qb6 5. Nb3 Qc7 6. Nc3 a6 7. Bd3 Nf6 8. f4 Bb4 9. O-O h5 10. Bd2 Nc6 11. e5 Ng4 12. Ne4 Be7 13. Qe2 b6 14. a4 Bb7 15. a5 bxa5 16. Nxa5 Nd4 17. Qd1 Nf5 18. Nxb7 Qxb7 19. Qe2 Qb6+ 20. Kh1 Ngh6 21. c3 h4 22. h3 Ng3+ 23. Nxg3 hxg3 24. Be4 Rb8 25. b4 Nf5 26. Rxa6 Qc7 27. Rfa1 O-O 28. Qd3 g6 29. Bxf5 exf5 30. Qxg3 Rfc8 31. Qd3 Rd8 32. Ra7 Rb7 33. Rxb7 Qxb7 34. Be3 Qc8 35. b5 Bf8 36. c4 d6 37. Rd1 Qa8 38. Bb6 Rb8 39. Bc7 Rc8 40. exd6 Qa4 41. d7 Rxc7 42. d8=Q Re7 43. Q3d6 1-0


[Site "https://www.chess.com"]

[Event "Titled Tuesday Blitz November 30 2021"]
[White "Popadic, Dragan"]
[Black "Willow, Jonah B"]
[WhiteFideId "913650"]
[BlackFideId "438804"]
[WhiteElo "2174"]
[BlackElo "2261"]
[Result "0-1"]
[Round "01"]
[TimeControl "180+1"]
[Date "2021.11.30"]
[WhiteClock "0:01:27"]
[BlackClock "0:02:06"]

1. e4 c5 2. Nc3 Nc6 3. f4 g6 4. Nf3 Bg7 5. Bc4 e6 6. f5 Nge7 7. fxe6 dxe6 8. d3 O-O 9. O-O Nd4 10. Nxd4 cxd4 11. Ne2 Nc6 12. Qe1 Na5 13. Bb3 e5 14. Bd2 Nxb3 15. axb3 Be6 16. Rc1 Qb6 17. Kh1 Rac8 18. Ng1 Rc6 19. Nf3 Rfc8 20. c4 Qxb3 21. Qe2 h6 22. Ra1 a6 23. h3 b5 24. cxb5 Qxb5 25. Ra2 Rc2 26. Rfa1 Bxa2 27. Rxa2 Rxb2 0-1


[Site "https://www.chess.com"]